Cogmind - Beta 16 @@@ ROGUE MODE // 2025.11.22 @ 13:16:34 Player: ktur Result: Destroyed by AR-RXP(R) with Subdweller Machine Gun Performance ------------- Evolutions (0) 0 Regions Visited (2) 400 Robots Destroyed (18) 90 Value Destroyed (466) 466 Prototype IDs (13) 260 Alien Tech Used (0) 0 Bonus (0) 0 TOTAL SCORE: 1216 Bonus ------- None Cogmind --------- Core Integrity 0/250 Matter 191/300 Energy 250/250 System Corruption 0% Temperature Cool (0) Movement Treading (160) Location -10/Subcaves Parts ------- > --- POWER (1) -------- Ion Engine > --- PROPULSION (2) --- Light Treads Light Treads > --- UTILITY (2) ------ Large Storage Unit Medium Armor Plating > --- WEAPON (2) ------- Improved Assault Rifle Improved Assault Rifle > --- INVENTORY (15) --- Ion Engine Meta Core Wheel Subdweller Monowheel Transport Network Coupler Light Armor Plating Scrap Shield Hacking Suite Heavy Assault Rifle Improved Assault Rifle Grenade Launcher Hammer Peak State ------------ > --- POWER ------------ Ion Engine > --- PROPULSION ------- Light Treads Light Treads > --- UTILITY ---------- Large Storage Unit Medium Armor Plating > --- WEAPON ----------- Improved Assault Rifle Improved Assault Rifle > --- INVENTORY -------- Ion Engine Ion Engine Meta Core Light Treads Wheel Transport Network Coupler Light Armor Plating Medium Armor Plating Medium Armor Plating Medium Armor Plating Hacking Suite Heavy Assault Rifle Improved Assault Rifle Grenade Launcher Hammer [Rating: 15] Favorites ----------- Power Ion Engine Engine Ion Engine Propulsion Light Treads Treads Light Treads Utility Large Storage Unit Device Seismic Detector Storage Large Storage Unit Protection Medium Armor Plating Weapon Improved Assault Rifle Energy Gun Medium Laser Energy Cannon Beam Cannon Ballistic Gun Improved Assault Rifle Impact Weapon Hammer Build | -11 -10 -10 ------- Run | Yrd Mat Sub Slots Evolved . | . . . Power . | . . . Propulsion . | . . . Utility . | . . . Weapon . | . . . Parts Attached 21 | 7 7 7 Power 2 | 1 . 1 Engine 2 | 1 . 1 Core . | . . . Reactor . | . . . Propulsion 3 | 2 . 1 Treads 3 | 2 . 1 Leg . | . . . Wheel . | . . . Hover . | . . . Flight . | . . . Utility 8 | 2 2 4 Device 1 | 1 . . Storage 3 | 1 2 . Processor . | . . . Hackware . | . . . Protection 4 | . . 4 Artifact . | . . . Weapon 8 | 2 5 1 Energy Gun 1 | 1 . . Energy Cannon 1 | . 1 . Ballistic Gun 5 | 1 3 1 Ballistic Cannon . | . . . Launcher . | . . . Special Weapon . | . . . Impact Weapon 1 | . 1 . Slashing Weapon . | . . . Piercing Weapon . | . . . Special Melee Weapon . | . . . Unidentified Prototypes 1 | . 1 . Parts Lost 5 | . . 5 Power . | . . . Propulsion . | . . . Utility 4 | . . 4 Weapon 1 | . . 1 Highest Loss Streak 2 | . . 2 To Critical Strikes . | . . . Average Backups 12 | 3 11 14 Power 1 | . 1 1 Propulsion 1 | 1 2 1 Utility 4 | . 3 6 Weapon 3 | . 3 4 Tool/Special . | . . . Unused Backups 15 | . 4 11 Power 1 | . . 1 Propulsion 3 | . 1 2 Utility 5 | . 1 4 Weapon 5 | . 2 3 Tool/Special 1 | . . 1 Average Slot Usage (%) 99 | . 100 99 Engine 14 | . 14 14 Treads 28 | . 28 28 Device 7 | . 14 4 Storage 14 | . 14 14 Protection 6 | . . 9 Energy Cannon 3 | . 10 . Ballistic Gun 23 | . 16 27 Peak Build Rating 15 | 7 13 15 Average Rating 11 | 5 8 13 On Entrance 6 | . 7 11 Avg Prop Armor Cover (%) . | . . . Naked Turns . | . . . Heaviest Build 39 | 15 32 39 Greatest Support 40 | 40 40 40 Greatest Overweight (x) . | . . . Average Overweight (x) . | . . . Largest Inventory Capacity 15 | 8 15 15 Average Capacity 13 | 7 12 15 Most Carried 15 | 5 15 15 Average Carried 12 | 3 11 14 Final Capacity 15 | 8 15 15 Final Carried 15 | 5 15 13 Class Distribution -------------------- 100% | Mutant Dominant Class ---------------- Mutant | -10/Materials Mutant | -10/Subcaves Resources | -11 -10 -10 ----------- Run | Yrd Mat Sub Matter Collected 615 | 307 38 270 Remotely . | . . . Salvage Created 564 | 46 118 400 Parts 32 | 7 6 19 Haulers Intercepted 1 | . 1 . Recyclers Shooed . | . . . Parts Field Recycled . | . . . Retrieved Matter . | . . . Parts Self-Destructed 18 | . . 18 Prevented . | . . . Parts Restored . | . . . Kills | -11 -10 -10 ------- Run | Yrd Mat Sub Combat Hostiles Destroyed 13 | . 1 12 Guns 12 | . . 12 Classes Destroyed 8 | 2 3 3 Worker 1 | 1 . . Tunneler 2 | 2 . . Hauler 1 | . 1 . Operator 1 | . 1 . Swarmer 3 | . . 3 Grunt 2 | . 1 1 Sentry 1 | . . 1 Subdweller 7 | . . 7 Best Kill Streak 3 | 2 2 3 Combat Bots Only 3 | . 1 3 Max Kills in Single Turn 2 | 1 1 2 Gunslinging 1 | . . 1 Exploded . | . . . Melee . | . . . Uniques/NPCs Destroyed . | . . . Combat | -11 -10 -10 -------- Run | Yrd Mat Sub Hostile Shots Fired 77 | . 3 74 Missed 24 | . . 24 Hits 53 | . 3 50 Projectile 53 | . 3 50 AOE 8 | . . 8 Critical Strikes 2 | . . 2 Damage Taken 1403 | . 120 1283 Core 265 | . 33 232 Absorbed by Shields . | . . . Core Remaining (%) 100 | 100 . . Volleys Fired 78 | 13 15 50 Largest 2 | 2 1 2 Hottest 70 | 70 60 53 Shots Fired 140 | 26 15 99 Gun 125 | 26 . 99 Cannon 15 | . 15 . Launcher . | . . . Special . | . . . Kinetic 112 | 13 . 99 Thermal 28 | 13 15 . Explosive . | . . . Electromagnetic . | . . . Robot Hit Streak 20 | 6 3 20 Robot Miss Streak 3 | 3 2 2 Penetration Max . | . . . Secondary Targets 2 | . . 2 Max Gunslinging Chain 1 | . . 1 Shots Hit Robots 104 | 16 8 80 Core Hits 25 | 3 2 20 Critical Kills 1 | . 1 . Critical Parts Destroyed . | . . . Critical Strikes 3 | 1 1 1 Burn 1 | 1 . . Meltdown 1 | . 1 . Destroy 1 | . . 1 Melee Attacks 3 | . 1 2 Impact 3 | . 1 2 Slashing . | . . . Piercing . | . . . Sneak Attacks . | . . . Combat Hostiles . | . . . Follow-up Attacks . | . . . Damage Inflicted 1708 | 218 183 1307 Guns 1523 | 216 . 1307 Cannons 140 | . 140 . Explosions . | . . . Melee . | . . . Ramming 45 | 2 43 . Kinetic 1410 | 103 . 1307 Thermal 253 | 113 140 . Explosive . | . . . Electromagnetic . | . . . Impact . | . . . Slashing . | . . . Piercing . | . . . Highest Corruption . | . . . Average Corruption . | . . . Corruption Purged . | . . . Corruption Blocked . | . . . Overload Shots . | . . . Overflow Damage . | . . . Projectiles . | . . . Explosions . | . . . Melee . | . . . Knockbacks . | . . . Impact . | . . . Kinetic . | . . . Secondary . | . . . Self-Inflicted Damage . | . . . Shots . | . . . Rammed 8 | 1 7 . Targets Rammed 8 | 1 7 . Kicked . | . . . Crushed . | . . . Highest Temperature 100 | 45 100 . Average Temperature 29 | 17 41 . Received Heat Transfer 129 | . 18 111 Siege Activations . | . . . Martial Activations . | . . . Shielding Activations . | . . . Robots Disrupted . | . . . Combat Hostiles . | . . . Robots Corrupted . | . . . Combat Hostiles . | . . . Parts Fried . | . . . Impact Corruptions . | . . . Robots Melted 1 | . 1 . Combat Hostiles 1 | . 1 . Parts Melted 5 | . 2 3 Heat Transferred 703 | 407 296 . Parts Sabotaged . | . . . Parts Stolen . | . . . Parts Stripped . | . . . Power Chain Reactions . | . . . Alert | -11 -10 -10 ------- Run | Yrd Mat Sub Maximum Alert Level . | . . . Low Security (%) 100 | 100 100 . Level 1 . | . . . Level 2 . | . . . Level 3 . | . . . Level 4 . | . . . Level 5 . | . . . High Security . | . . . Max Security . | . . . Peak Influence 35 | 5 35 . Initial . | . . . Average 2 | . 3 . Influence Increases 195 | 15 70 110 Destroy 0b10 Robot/C 120 | . 20 100 Destroy 0b10 Robot/NC 25 | 15 10 . Destroy Leader 22 | . 12 10 Successful Hack 13 | . 13 . Disable Machine 15 | . 15 . Influence Decreases 195 | 15 70 110 Time Decay 185 | 15 70 100 Lost Part 10 | . . 10 Squads Dispatched 1 | . 1 . Investigation . | . . . Extermination . | . . . Reinforcement 1 | . 1 . Assault . | . . . Garrison . | . . . Intercept . | . . . Searches Triggered . | . . . Construction Impeded . | . . . Haulers Reinforced . | . . . Active Scanning Responses . | . . . Cargo Convoy Interrupts . | . . . Stealth | -11 -10 -10 --------- Run | Yrd Mat Sub Distress Signals . | . . . Communications Jammed . | . . . Distress Signals . | . . . Times Spotted 21 | . 8 13 Peak Tracking Total 3 | . 2 3 Tactical Retreats . | . . . Traps | -11 -10 -10 ------- Run | Yrd Mat Sub Traps Triggered 3 | . 3 . Indirectly . | . . . Trap Hack Attempts . | . . . Triggered . | . . . Disarmed . | . . . Reprogrammed . | . . . Reused . | . . . Traps Extracted . | . . . Installed . | . . . Triggered . | . . . Machines | -11 -10 -10 ---------- Run | Yrd Mat Sub Machines Disabled 2 | . 1 1 Max in Single Turn 1 | . 1 1 Machines Repaired . | . . . Machines Dismantled . | . . . Machines Sabotaged . | . . . Overloaded Fab Kills . | . . . Hacking | -11 -10 -10 --------- Run | Yrd Mat Sub Machines Accessed 3 | . 2 1 Terminals 2 | . 2 . Fabricators . | . . . Repair Stations . | . . . Recycling Units . | . . . Scanalyzers . | . . . Garrison Access . | . . . Total Hacks 6 | . 5 1 Successful 3 | . 2 1 Failed 3 | . 3 . Catastrophic . | . . . Database Lockouts . | . . . Manual 6 | . 6 . Terminals 5 | . 5 . Fabricators . | . . . Repair Stations . | . . . Recycling Units . | . . . Scanalyzers . | . . . Garrison Access . | . . . Terminal Hacks 3 | . 2 1 Part Schematic 1 | . 1 . Robot Analysis 1 | . 1 . Proto ID Catalog 1 | . . 1 Fabricator Hacks . | . . . Repair Station Hacks . | . . . Recycling Unit Hacks . | . . . Scanalyzer . | . . . Garrison Access Hacks . | . . . Unauthorized Hacks . | . . . Terminals . | . . . Fabricators . | . . . Repair Stations . | . . . Recycling Units . | . . . Scanalyzers . | . . . Garrison Access . | . . . Data Cores Recovered . | . . . Used . | . . . Hacking Detections 2 | . 2 . Full Trace Events . | . . . Feedback Events . | . . . Feedback Blocked . | . . . Robot Schematics Acquired . | . . . Robots Built . | . . . Authchips . | . . . Time . | . . . Total Robot Build Rating . | . . . Part Schematics Acquired 1 | . 1 . Parts Built . | . . . Authchips . | . . . Time . | . . . Total Part Build Rating . | . . . Part Studies Acquired . | . . . Parts Repaired . | . . . Time . | . . . Parts Recycled . | . . . Recycled Matter . | . . . Retrieved Matter . | . . . Retrieved Components . | . . . Parts Scanalyzed . | . . . Part Schematics Acquired . | . . . Parts Damaged . | . . . Bothacking | -11 -10 -10 ------------ Run | Yrd Mat Sub Used RIF Installer . | . . . Robots Hacked . | . . . Non-combat . | . . . Combat . | . . . Robot Hacks Applied . | . . . Relay Couplers Released . | . . . Fabnet Peak Effective % . | . . . Robots Rewired . | . . . Allies Hacked . | . . . Hacks Repelled . | . . . Allies | -11 -10 -10 -------- Run | Yrd Mat Sub Total Allies . | . . . Largest Group . | . . . Highest-Rated Group . | . . . Highest-Rated Ally . | . . . Total Orders . | . . . Ally Attacks . | . . . Total Damage . | . . . Kills . | . . . Allies Corrupted . | . . . Allies Melted . | . . . Intel | -11 -10 -10 ------- Run | Yrd Mat Sub Active Infowar (turns) 995 | 28 626 341 Seismic 995 | 28 626 341 Robot Analysis Total 1 | . 1 . Derelict Logs Recovered 2 | . . 2 Drone Launches . | . . . Drone Recoveries . | . . . Exploration | -11 -10 -10 ------------- Run | Yrd Mat Sub Turns Passed 1919 | 175 626 1118 Spaces Moved 942 | 78 298 566 Core 6 | 6 . . Treads 936 | 72 298 566 Legs . | . . . Wheels . | . . . Hover . | . . . Flight . | . . . Fastest Speed 50 | 50 160 160 Average Speed 159 | 151 160 160 Slowest Speed 160 | 160 160 160 Overloaded Moves . | . . . Propulsion Burnouts . | . . . Robots Hopped . | . . . Potential Cave-ins . | . . . Cave-ins Triggered . | . . . Exploration Rate (%) 38 | 8 64 44 Regions Visited 2 Branch Regions 1 Pre-discovered Areas 1 | . . 1 Known Exits Taken . | . . . Unknown Exits Taken 2 | 1 1 . Scrap Searched 4 | . . 4 Spaces Dug . | . . . Terrain Destroyed . | . . . Melee . | . . . Projectile . | . . . AOE . | . . . Terrain Rammed . | . . . Walls Destroyed . | . . . Machines Disabled . | . . . Actions | -11 -10 -10 --------- Run | Yrd Mat Sub Total 1211 | 105 430 676 Wait 116 | 2 73 41 Move 940 | 77 297 566 Hop . | . . . Pick Up 26 | 5 18 3 Fast Attach 10 | 7 2 1 Attach 8 | . 1 7 Detach 2 | . 1 1 Swap 7 | . 4 3 Drop 13 | . 11 2 Fire 78 | 13 15 50 Melee 3 | . 1 2 Ram . | . . . Kick . | . . . Crush 8 | 1 7 . Escape Stasis . | . . . Rewire . | . . . Trap . | . . . Miscellaneous . | . . . Route ------- -11/Scrapyard -10/Materials (discovered 3 exits: [*Mat] / [*Min] / *Sub) -10/Subcaves History --------- Turn | Location | Event 3 | -11/Scrapyard | Discovered new exit (range 16) 176 | -11/Scrapyard | Entered Materials 306 | -10/Materials | Build established: Mutant 441 | -10/Materials | Discovered new exit (range 14) 645 | -10/Materials | Discovered new exit (range 8) 797 | -10/Materials | Discovered new exit (range 3) 802 | -10/Materials | Entered Subcaves 803 | -10/Subcaves | Approached by a straggling Scientist 1238 | -10/Subcaves | Visited 4L-MR0's lab 1258 | -10/Subcaves | Found Meta Core 1473 | -10/Subcaves | Learned location of 2 exits from Materials 1631 | -10/Subcaves | Learned location of Zion (-7) 1631 | -10/Subcaves | Met a Zionite searching for "candidates" 1665 | -10/Subcaves | Shifting Twisted Machinery released Battle Rifle 1721 | -10/Subcaves | Learned Materials terminal intel 1783 | -10/Subcaves | Core integrity fell below 50% 1805 | -10/Subcaves | Ambushed by Subdweller buried in earth 1813 | -10/Subcaves | Lost 3 allies 1904 | -10/Subcaves | Core integrity fell below 20% 1920 | -10/Subcaves | Destroyed by AR-RXP(R) with Subdweller Machine Gun Last Messages --------------- 01782_ 1G-9Z3(c) destroyed. 01783_ Critical hit (Destroy). 01789_ CU-YL2(R) destroyed. 01791_ Med. Armor Plating destroyed. 01793_ TR-QX5(R) affixes Scrap Shield Fragment to Scrap Shield. 01806_ CE-47C(R): "GOODGOOD!" 01817_ Destroyed Scrap Shield. 01817_ Sub. Machine Gun destroyed. 01820_ TR-QX5(R) destroyed. 01829_ CE-47C(R) destroyed. 01845_ Acquired 23 matter. 01853_ Acquired Sub. Monowheel. 01882_ Med. Armor Plating destroyed. 01900_ BB-77B(R) suffers critical hit (Destroy). 01903_ Sub. Power Source melted. 01903_ Disposable Heat Sink melted. 01903_ Sub. Beam Cannon melted. 01903_ BB-77B(R) destroyed. 01903_ Switching to secondary target: AR-RXP(R). 01914_ AR-RXP(R) affixes Scrap Shield Fragment to Scrap Shield. Map ----- +----------------------------------------------------+ | ????# ##### """ %&##??????????????? | | ????#### #???# #### #??????????????? | | ???????###????## #??# ##??????????????? | | ???????????????# ??# ##?????????????? | | ??????????????? #?# # """ #?????????????? | | ??????????????# # ##" "##?????????????? | | ??????????????#? ## ##" "#?????????????? | | ???????????????? ?# ?#"" ! "#?????????????? | | ?????????????????? ?##" & ##????????????? | | ???????????????? ??## "#????????????? | | ????????????????# ### ##????????????? | | ????????????????## ## ##?????????????? | | ????????????????? ### #??????????????? | | ?????????????????? ????# #??????????????? | | ???????????????????????# ##?????????????? | | ??????????????????????## #?????????????? | | ?????????????????????## #?????????????? | | ?????????????????????# #?????????????? | | ?????????????????????# ## #?????????????? | | ?????????????????????## #### ##?????????????? | | ??????????????????????## ##???###??????????????? | | ??????????????????????# ##????????????????????? | | ??????????????????????# #????????????????????? | | ??????????????????????## ##???????????????????? | | ??????????????????????# ##??????????????????? | | ??????????????????????## @ ##?????????????????? | | ???????????????????????### #?????????????????? | | ?????????????????????????##%R#?????????????????? | | ?????????????????????????# & #?????????????????? | | ?????????????????????????# #?????????????????? | | ????????????????????????? ##?????????????????? | | ???????????????????????? ??????????????????? | | ??????????????????????? ??????????????????? | | ???????????????????????# # ??????????????????? | | ???????????????????????##### ??????????????????? | | ???????????????????????????? ??????????????????? | | ???????????????????????????? ??????????????????? | | ???????????????????????????? ?????????????????? | | ???????????????????????????? ?????????????????? | | ???????????????????????????? ?????????????????? | | ???????????????????????????? ?????????????????? | | ???????????????????????????? ?????????????????? | | ????????????????????????????? ?????????????????? | | ???????????????????????????????????????????????? | | ???????????????????????????????????????????????? | | ???????????????????????????????????????????????? | | ???????????????????????????????????????????????? | | ???????????????????????????????????????????????? | | ???????????????????????????????????????????????? | | ???????????????????????????????????????????????? | +----------------------------------------------------+ Best States ------------- Heat Dissipation 25 Energy Generation 10 Energy Capacity 250 Matter Stores 300 Matter Capacity 300 Sight Range 16 Terrain Scan Density 10 Armor Coverage 225 Evasion (%) 40 Recoil Reduction 2 Item Schematics ----------------- ECM Suite | -10/Materials | Hacked Robot Schematics ------------------ None Fabricated ------------ Nothing Repaired ---------- Nothing Studied --------- None Alien Tech Used ----------------- None Achievements -------------- None Challenges ------------ None Game ------ Seed MyomerRocketMonowheel Manual? 0 Play Time 00:12:36 Cumulative 830.7 hours Start 2025.11.21 @ 11:45:30 End 2025.11.22 @ 13:16:34 Sessions 2 Manual Loads 0 Difficulty Rogue Special Mode None Game No. 839 Rogue 839 Adventurer 0 Explorer 0 Win Type - Total 40 Types 15/4/11/2/0/0/5/2/1/0 Lore% 96 Gallery% 86 Achievement% 63 Wizard Run 0 Options --------- Layout 0 ASCII 0 Keyboard 0 Movement Numpad Keybinds 0 Fullscreen 1 Font 18/Smallcaps Map View 76x50 Zoom Use 0% Tactical HUD 1 Map Filters NONE Filters NONE Steam 1 RUN: bebbce85-e059-4e9a-b760-f14eff936ad0